 Dungeon Crawl Stone Soup version 0.32-a0-42-ga30500b4d3 (webtiles) character file.

Game seed: 12254111555981945051

476 cforsyth the Trooper (level 7, -4/54 HPs)
             Began as a Djinni Warper on Feb 3, 2024.
             Shot with an arrow by a centaur (14 damage)
             ... on level 5 of the Dungeon.
             The game lasted 00:05:19 (4425 turns).

cforsyth the Trooper (Djinni Warper)                Turns: 4425, Time: 00:05:20

Health: -4/54      AC:  3    Str: 10    XL:     7   Next: 33%
Gold:   82         EV: 11    Int: 16    God:
                   SH:  0    Dex: 13

rFire   + + .        a - +1 falchion
rCold   . . .        (no shield)
rNeg    . . .        b - +0 leather armour
rPois   ∞            (no helmet)
rElec   .            (no cloak)
rCorr   .            (no gloves)
SInv    .            (boots unavailable)
Will    .....        (no amulet)
Stlth   +            p - ring of protection from cold
HPRegen 0.29/turn    (no ring)
MPRegen 0.00/turn

%: infuse magic (-5 HP)
@: flying
A: sickness immunity, fire resistance 2, cold vulnerability 1, float, innate
caster, HP casting, extra vitality 1
a: no special abilities


You were on level 5 of the Dungeon.
You visited 1 branch of the dungeon, and saw 5 of its levels.

You collected 82 gold pieces.

Inventory:

Hand Weapons
 a - a +1 falchion (weapon)
Missiles
 d - 6 darts of dispersal (quivered)
 i - 2 curare-tipped darts
Armour
 b - a +0 leather armour (worn)
Jewellery
 p - a ring of protection from cold (left hand)
Scrolls
 c - a scroll of blinking
 e - 4 scrolls of identify {unknown}
 f - a scroll of fog {unknown}
 g - a scroll of amnesia {unknown}
 j - a scroll of teleportation {unknown}
 k - a scroll of enchant weapon
 m - a scroll of vulnerability {unknown}
Potions
 h - a potion of curing
 l - a potion of enlightenment {unknown}
 n - a potion of invisibility {unknown}
 o - a potion of heal wounds {unknown}
 q - a potion of lignification {unknown}
 r - a potion of brilliance {unknown}


   Skills:
 + Level 5.5 Fighting
 - Level 1.7 Long Blades
 - Level 0.7 Throwing
 - Level 1.0 Armour
 - Level 2.1 Dodging
 + Level 4.8 Spellcasting
 + Level 4.8 Conjurations
 + Level 4.8 Hexes
 + Level 4.8 Summonings
 + Level 4.8 Necromancy
 + Level 4.8 Translocations
 + Level 4.8 Fire Magic
 + Level 4.8 Ice Magic
 + Level 4.8 Air Magic
 + Level 4.8 Earth Magic
 + Level 4.8 Alchemy


You knew the following spells:

 Your Spells              Type           Power      Damage    Failure   Level
a - Blink                 Tloc           38%        N/A       4%          2
b - Lesser Beckoning      Tloc           38%        N/A       4%          2
c - Teleport Other        Tloc           19%        N/A       9%          3
d - Manifold Assault      Tloc           19%        N/A       28%         4
e - Vhi's Electric Charg  Tloc/Air       38%        N/A       28%         4
f - Summon Small Mammal   Summ           76%        N/A       3%          1
g - Call Imp              Summ           38%        N/A       4%          2
h - Mephitic Cloud        Conj/Alch/Air  19%        N/A       9%          3
Your spell library was empty.

Dungeon Overview and Level Annotations

Branches:
Dungeon (5/15)
 Temple: D:4-7

Altars:
Ashenzari
Cheibriados
Wu Jian
Xom
Yredelemnul

Shops:
D:1 (   D:2 (

Annotations:
D:4 2 runed translucent doors, Ambrosia's ghost, amateur MiGl


Innate Abilities, Weirdness & Mutations

You are immune to sickness and miasma.
You are immune to poison.
Your flesh is very heat resistant. (rF++)
You are vulnerable to cold. (rC-)
You float through the air rather than walking.
You learn spells naturally, not from books.
Your magical power is your life essence.
You have superior vitality. (+4 MHP)


Message History

A tiny devil pulls itself out of the air.
* * * LOW HITPOINT WARNING * * *
The centaur barely misses you. The centaur kicks you.
* * * LOW HITPOINT WARNING * * *
The orc hits you from afar with a +0 vampiric trident.
* * * LOW HITPOINT WARNING * * *
The centaur closely misses you.
The centaur kicks you but does no damage.
It was a potion of curing.
You feel better. The centaur hits you.
* * * LOW HITPOINT WARNING * * *
The centaur closely misses you. The orc closely misses you.
You swap places.
The centaur wields a +0 shortbow.
The centaur shoots an arrow.
The arrow misses your cerulean imp. The arrow barely misses you.
Your cerulean imp closely misses the centaur.
The centaur unwields a +0 shortbow.
The centaur hits your cerulean imp. The centaur kicks your cerulean imp.
Casting: Call Imp (safe; 4% risk of failure)
Confirm with . or Enter, or press ? or * to list all spells.
Okay, then.
Unknown command.
Unknown command.
Casting: Call Imp (safe; 4% risk of failure)
Confirm with . or Enter, or press ? or * to list all spells.
* * * LOW HITPOINT WARNING * * *
The orc barely misses you.
The centaur wields a +0 shortbow.
The centaur shoots an arrow.
The arrow closely misses your cerulean imp.
The arrow barely misses you.
Your cerulean imp barely misses the centaur.
Casting: Summon Small Mammal (safe; 3% risk of failure)
Confirm with . or Enter, or press ? or * to list all spells.
* * * LOW HITPOINT WARNING * * *
The centaur unwields a +0 shortbow.
The centaur hits your cerulean imp.
The centaur closely misses your cerulean imp.
The orc hits you from afar with a +0 vampiric trident.
* * * LOW HITPOINT WARNING * * *
Your cerulean imp completely misses the centaur.
You feel better.
The centaur wields a +0 shortbow.
The centaur shoots an arrow.
The arrow misses your cerulean imp. The arrow hits you!
You die...

......###.#
......# #.##
......# ##.#
.(....# #.## .
###...# ##.# #..
##### #.## ...
##.# #.# ##
#.######...#
###..##..r.@5c.#
........†.r).o.#
........########
.......†.#
..........#
..........#
...........
............
.............


You could see a centaur (ally target), an orc (ally target), a friendly cerulean
imp (summoned), a friendly quokka (summoned) and a friendly rat (summoned).

Vanquished Creatures
  A black bear (D:3)
  A jelly (D:4)
  A bombardier beetle (D:3)
  A hound (D:5)
  A scorpion zombie (D:3)
  9 adders
  2 dart slugs
  2 ribbon worms (D:3)
  16 orcs
  4 bats
  3 endoplasms
  5 giant cockroaches
  A goblin (D:1)
  10 hobgoblins
  3 jackals (D:1)
  A quokka (D:2)
  7 ball pythons
  A ball python zombie (D:3)
  2 frilled lizards
  4 kobolds
  A rat (D:1)
76 creatures vanquished.

Vanquished Creatures (collateral kills)
  An ogre (D:4)
  A ribbon worm (D:4)
  An orc (D:4)
  A ball python (D:4)
4 creatures vanquished.

Grand Total: 80 creatures vanquished

Notes
Turn   | Place    | Note
-------+----------+-------------------------------------------
     0 | D:1      | cforsyth the Djinni Warper began the quest for the Orb.
     0 | D:1      | cforsyth set off with the following spells memorised:
                  | Blink, Lesser Beckoning, Teleport Other, Manifold Assault,
                  | Vhi's Electric Charge.
     0 | D:1      | Reached XP level 1. HP: 18/18 MP: 0/0
   142 | D:1      | Reached XP level 2. HP: 12/23 MP: 0/0
   326 | D:1      | Found Boruzuse's Weapon Boutique.
   859 | D:2      | Reached XP level 3. HP: 27/29 MP: 0/0
   859 | D:2      | Learned a level 1 spell: Summon Small Mammal
   935 | D:2      | Found a faded altar of an unknown god.
   995 | D:2      | Found Uxzy's Weapon Emporium.
  1353 | D:3      | Reached skill level 3 in Fighting
  1508 | D:3      | Reached XP level 4. HP: 34/35 MP: 0/0
  1536 | D:3      | Found an ornate altar of the Wu Jian Council.
  1654 | D:3      | Identified the +0 leather armour "Saunnerr" {rPois Str-4
                  | Dex+2 Stlth+}
  2255 | D:3      | Reached XP level 5. HP: 38/41 MP: 0/0
  2255 | D:3      | Learned a level 2 spell: Call Imp
  2456 | D:3      | Reached skill level 4 in Fighting
  2597 | D:3      | Found a basalt altar of Yredelemnul.
  2725 | D:3      | Noticed a black bear
  2736 | D:3      | Killed a black bear
  2737 | D:3      | Reached XP level 6. HP: 11/48 MP: 0/0
  3045 | D:4      | Noticed a torpor snail
  3047 | D:4      | Found a snail-covered altar of Cheibriados.
  3047 | D:4      | Noticed a torpor snail
  3047 | D:4      | Noticed a torpor snail
  3066 | D:4      | Found a broken altar of Ashenzari.
  3295 | D:4      | Found a large runed translucent door.
  3295 | D:4      | Found a large runed translucent door.
  3297 | D:4      | Noticed Ambrosia's ghost (amateur MiGl)
  3642 | D:4      | Found a shimmering altar of Xom.
  3681 | D:4      | Noticed an ogre
  3699 | D:4      | Killed an ogre
  3700 | D:4      | Reached skill level 5 in Fighting
  3700 | D:4      | Reached XP level 7. HP: 32/54 MP: 0/0
  3700 | D:4      | Learned a level 3 spell: Mephitic Cloud
  3947 | D:5      | Entered Level 5 of the Dungeon
  4425 | D:5      | Shot with an arrow by a centaur

Illustrated notes

Levels and vault maps discovered:
D:1:      wheals_arrival_linesprint, layout_basic, serial_shops,
          nicolae_shop_window_shopping
D:2:      layout_rooms, serial_shops, nicolae_shop_advertising_works
          [nicolae_subvault_shop_adworks], ebering_ecumenical_altar_rust
D:3:      layout_rooms, lemuel_zombie_altar_yredelemnul, old_standard_altar,
          lemuel_tele_altar, roderic_serpentine_path, nicolae_hexahallways,
          minmay_snake_closets
D:4:      layout_basic, cheibriados_altar_2, nicolae_overflow_hidden_temple,
          ebering_ghost_disaster_area, grunt_decor_one_mirror
D:5:      layout_cave_pods, mainiacjoe_overflow_chevrons,
          nicolae_concentric_dashed_squares_wild

Skill      XL: |  1  2  3  4  5  6 |
---------------+-------------------+-----
Spellcasting   | 3 4 |  4.8
Conjurations   | 3 4 |  4.8
Hexes          | 3 4 |  4.8
Summonings     | 3 4 |  4.8
Necromancy     | 3 4 |  4.8
Translocations | 3 4 |  4.8
Fire Magic     | 3 4 |  4.8
Ice Magic      | 3 4 |  4.8
Air Magic      | 3 4 |  4.8
Earth Magic    | 3 4 |  4.8
Alchemy        | 3 4 |  4.8
Fighting       | 3 4 5 |  5.5
Long Blades    | |  1.7
Throwing       | |  0.7
Armour         | |  1.0
Dodging        | |  2.1

Action                     |  1- 3 |  4- 6 |  7- 9 || total
---------------------------+-------+-------+-------++-------
  Melee: Falchion          |   110 |   184 |    70 ||   364
         Punch             |     2 |     2 |       ||     4
  Throw: Dart              |       |     1 |       ||     1
   Cast: Summon Small Mamm |       |     9 |     2 ||    11
         Blink             |       |     2 |     1 ||     3
         Call Imp          |       |     4 |     3 ||     7
    Use: Potion            |       |       |     2 ||     2
         Scroll            |       |       |     1 ||     1
 Armour: Leather armour    |    65 |   148 |    75 ||   288
  Dodge: Dodged            |    70 |   125 |    75 ||   270

Table legend: (Time is in decaauts)
 A = Elapsed time spent in this place.
 B = Non-inter-level travel time spent in this place.
 C = Inter-level travel time spent in this place.
 D = Time resting spent in this place.
 E = Time spent auto-exploring this place.
 F = Levels seen in this place.
 G = Mean time per level.
                   A        B        C        D        E       F      G
               +--------+--------+--------+--------+--------+-----+--------+
         Total |   4504 |   4336 |    168 |    221 |   3272 |   5 |  900.8 |
       Dungeon |   4504 |   4336 |    168 |    221 |   3272 |   5 |  900.8 |
               +--------+--------+--------+--------+--------+-----+--------+

Top non-repeatable levels by time:
     D:3: 1613 daAuts
     D:4: 1376 daAuts
     D:1: 848 daAuts
     D:2: 479 daAuts
     D:5: 187 daAuts
